Map: Frost LE

Players

Fropez

  • Race: Protoss Protoss
  • League: Gold
  • Spawn Location: 5:00

DuckOfDeath - Winner!

  • Race: Terran Terran
  • League: Platinum
  • Spawn Location: 11:00

VOD

Have the link to the VOD?

Description

Time

  • Played on: Nov. 13, 2016, 7:18 p.m.
  • Length: 6:24
Show
View Real Time Build Order
Export as new Build Order

Fropez Protoss 

Build Orders: Nexus First, Phoenix Opening 

Get SALT Encoding   

  12  0:03  Probe (Chrono Boost)  
  13  0:13  Probe (Chrono Boost)  
  14  0:18  Pylon  
  14  0:24  Probe (Chrono Boost)  
  15  0:36  Assimilator  
  15  0:38  Probe (Chrono Boost)  
  16  1:02  Probe (Chrono Boost)  
  16  1:03  Nexus  
  17  1:15  Probe (Chrono Boost), Gateway  
  19  1:25  Probe (Chrono Boost)  
  19  1:26  Assimilator  
  19  1:35  Pylon  
  19  1:36  Probe (Chrono Boost)  
  20  1:46  Probe (Chrono Boost)  
  21  1:56  Gateway  
  21  2:05  Gateway  
  21  2:08  Cybernetics Core  
  21  2:11  Probe (Chrono Boost)  
  22  2:21  Assimilator  
  22  2:23  Probe (Chrono Boost)  
  22  2:25  Probe (Chrono Boost)  
  24  2:38  Pylon  
  24  2:39  Probe x2 (Chrono Boost)  
  26  2:56  Probe (Chrono Boost)  
  26  2:57  Probe (Chrono Boost)  
  26  2:58  Warp Gate (Chrono Boost)  
  28  2:59  Stargate  
  28  3:04  Assimilator  
  28  3:07  Probe (Chrono Boost)  
  28  3:11  Adept  
  28  3:12  Adept  
  33  3:15  Adept  
  35  3:23  Probe (Chrono Boost)  
  37  3:30  Mothership Core (Chrono Boost)  
  38  3:43  Phoenix  
  40  3:53  Adept x2  
  40  3:54  Adept  
  46  4:14  Probe  
  46  4:15  Probe  
  48  4:24  Probe  
  48  4:26  Phoenix (Chrono Boost)  
  51  4:33  Probe  
  51  4:37  Pylon, Fleet Beacon  
  50  4:58  Pylon  
  50  5:02  Phoenix (Chrono Boost)  
  52  5:10  Pylon, Probe  
  52  5:11  Probe  
  54  5:28  Tempest (Chrono Boost)  
  58  5:34  Probe  
  58  5:35  Probe  
  60  5:38  Stargate  
  60  5:41  Assimilator  
  60  5:45  Pylon, Probe  
  60  5:47  Pylon, Probe  
  62  5:50  Pylon  
  62  6:02  Forge  
Show
View Real Time Build Order
Export as new Build Order

DuckOfDeath Terran - Winner!

Build Orders: Command Center First (CC) 

Get SALT Encoding   

  12  0:00  SCV  
  13  0:13  SCV  
  14  0:18  Supply Depot  
  14  0:27  SCV  
  15  0:39  SCV  
  16  0:53  SCV  
  17  1:04  Command Center  
  17  1:06  SCV  
  18  1:17  Barracks  
  18  1:23  SCV  
  19  1:27  Refinery  
  19  1:34  Refinery  
  19  1:42  SCV  
  20  2:07  Orbital Command  
  20  2:09  Supply Depot  
  20  2:19  Factory  
  20  2:22  Barracks Reactor  
  20  2:29  Orbital Command  
  20  2:40  Bunker  
  20  2:43  SCV  
  21  2:55  SCV  
  21  2:58  Marine x2  
  22  3:02  SCV  
  25  3:06  Factory Tech Lab  
  25  3:07  SCV  
  26  3:17  SCV  
  26  3:18  Marine x2  
  29  3:20  SCV  
  29  3:22  Starport  
  30  3:27  Cyclone  
  30  3:32  SCV  
  35  3:37  SCV  
  35  3:40  Marine x2  
  38  3:45  Supply Depot  
  38  3:53  Barracks  
  38  4:11  SCV x2, Engineering Bay, Liberator  
  40  4:20  Marine x2  
  40  4:22  Cyclone  
  40  4:23  SCV x2  
  51  4:35  SCV x2  
  53  4:43  Marine  
  53  4:44  Barracks Tech Lab  
  54  4:48  Supply Depot  
  54  4:49  Marine, SCV x2  
  54  4:52  Missile Turret  
  57  5:00  Engineering Bay  
  57  5:01  SCV x2  
  59  5:08  Missile Turret  
  59  5:13  SCV x2  
  61  5:19  Starport Reactor  
  61  5:29  SCV x2  
  63  5:41  SCV  
  64  5:46  Marine x2, Supply Depot  
  64  5:48  Marine  
  67  6:03  SCV, Supply Depot  
Tags
 
Add a new tag
Caveats
  • Supply blocks, unpowered buildings, or Contaminate may cause inaccurate times.
  • Supply counts are checked every 10 seconds.